 Dungeon Crawl Stone Soup version 0.21.1-1-g345015fe64 (webtiles) character file.

110 Mrkan the Ruffian (level 4, -4/40 HPs)
             Began as a Ghoul Monk on May 4, 2018.
             Was a Believer of Makhleb.
             Killed from afar by an orc wizard (14 damage)
             ... with a puff of flame
             ... on level 3 of the Dungeon.
             The game lasted 00:05:55 (2140 turns).

Mrkan the Ruffian (Ghoul Monk)                      Turns: 2140, Time: 00:05:58

Health: -4/40      AC:  3    Str: 14    XL:     4   Next: 91%
Magic:  0/3        EV: 13    Int:  5    God:    Makhleb [**....]
Gold:   87         SH:  0    Dex: 12    Spells: 3/3 levels left

rFire    . . .     SeeInvis .     - Unarmed
rCold    + . .     Gourm    .   (no shield)
rNeg     + + +     Faith    .   a - +0 robe
rPois    ∞         Spirit   +   (no helmet)
rElec    .         Reflect  .   c - +0 cloak
rCorr    .         Harm     .   (no gloves)
MR       .....                  (no boots)
Stlth    ++........             e - amulet of guardian spirit
HPRegen  0.00/turn              (no ring)
MPRegen  0.08/turn              (no ring)

@: rotting
A: rotting body, claws 1, carnivore, cold resistance 1, negative energy
resistance 3, inhibited regeneration, torment resistance, unbreathing
a: Minor Destruction, Renounce Religion


You were on level 3 of the Dungeon.
You worshipped Makhleb.
Makhleb was pleased with you.
You were not hungry.

You visited 1 branch of the dungeon, and saw 3 of its levels.

You collected 87 gold pieces.

Inventory:

Armour
 a - a +0 robe (worn)
 c - a +0 cloak (worn)
 p - a +2 hat
Jewellery
 e - an amulet of guardian spirit (around neck)
 h - an uncursed ring of protection from fire {unknown}
Scrolls
 d - 3 scrolls of identify {unknown}
 f - a scroll of magic mapping {unknown}
 j - 2 scrolls of teleportation {unknown}
 l - a scroll of noise {unknown}
 n - a scroll of remove curse {unknown}
 o - a scroll of fear {unknown}
Potions
 g - a potion of flight {unknown}
 k - a potion of magic {unknown}
 m - 2 potions of lignification {unknown}
Comestibles
 b - 5 rations
 i - 6 chunks of flesh


   Skills:
 + Level 4.0 Fighting
 + Level 3.5 Dodging
 + Level 2.9 Stealth
 + Level 4.3 Unarmed Combat


You had 3 spell levels left.
You didn't know any spells.

Dungeon Overview and Level Annotations

Branches:
Dungeon (3/15)

Altars:
Makhleb


Innate Abilities, Weirdness & Mutations

Your body is rotting away.
You thrive on raw meat.
You are immune to poison.
You have sharp fingernails.
You are carnivorous and can eat meat at any time.
Your flesh is cold resistant. (rC+)
You are immune to negative energy. (rN+++)
You do not regenerate when monsters are visible.
You are immune to unholy pain and torment.
You can survive without breathing.


Message History

The stone hits you but does no damage.
You barely miss something. The orc hits you but does no damage.
Something hits you.
The goblin shoots a stone.
The stone closely misses you.
You miss something. The orc barely misses you. Something hits you.
* * * LOW HITPOINT WARNING * * *
The goblin shoots a stone.
The stone barely misses you.
You see here a stone.
The orc hits you but does no damage.
You barely miss the orc.
The orc is heavily wounded.
The orc hits you with a dagger.
* * * LOW HITPOINT WARNING * * *
You scratch the orc.
You kill the orc!
Makhleb accepts your kill.
You feel better.
You hear some strange, mumbled words.
A puff of flame appears from out of thin air!
The puff of flame hits you!
You die...

#############
........@).# #
.#..#####o#.#
#..o............#
.###.........#
#...o.....#
#.........#


You could see an orc wizard.

Vanquished Creatures
  A hound (D:2)
  2 adders (D:2)
  An ooze (D:2)
  A worm (D:2)
  2 leopard geckos (D:2)
  An orc (D:3)
  5 bats
  3 giant cockroaches
  8 goblins
  5 hobgoblins
  5 jackals
  A quokka (D:2)
  A ball python (D:1)
  A frilled lizard (D:2)
  4 kobolds (D:1)
  6 rats
47 creatures vanquished.

Notes
Turn   | Place    | Note
-------+----------+-------------------------------------------
     0 | D:1      | Mrkan the Ghoul Monk began the quest for the Orb.
     0 | D:1      | Reached XP level 1. HP: 19/19 MP: 0/0
   280 | D:1      | Reached XP level 2. HP: 16/26 MP: 1/1
   843 | D:1      | Reached XP level 3. HP: 32/33 MP: 2/2
  1587 | D:2      | Reached XP level 4. HP: 35/40 MP: 3/3
  1930 | D:2      | Found a burning altar of Makhleb.
  1959 | D:2      | Became a worshipper of Makhleb the Destroyer
  1959 | D:2      | Reached * piety under Makhleb
  1959 | D:2      | Reached ** piety under Makhleb
  2140 | D:3      | Killed from afar by an orc wizard

Skill      XL: |  1  2  3  4 |
---------------+-------------+-----
Dodging        | 3 |  3.5
Unarmed Combat | 4 |  4.3
Fighting       | 4 |  4.0
Stealth        | |  2.9

Action                   |  1- 3 |  4- 6 || total
-------------------------+-------+-------++-------
Melee: Unarmed           |   131 |    39 ||   170
 Stab: Sleeping          |     1 |       ||     1
  Eat: Chunk             |     5 |       ||     5
Armor: Robe              |    34 |    10 ||    44
Dodge: Dodged            |   104 |    30 ||   134
